 Dungeon Crawl Stone Soup version 0.30-b1-2-g02819fbbbe (webtiles) character file.

Game seed: 6613075215380142616

113 Akanak the Cudgeller (level 4, -2/38 HPs)
             Began as a Ghoul Gladiator on Oct 14, 2023.
             Splashed by a jelly's acid (9 damage)
             ... on level 5 of the Dungeon.
             The game lasted 00:13:24 (1962 turns).

Akanak the Cudgeller (Ghoul Gladiator)              Turns: 1962, Time: 00:13:28

Health: -2/38      AC:  0    Str: 19    XL:     4   Next: 96%
Magic:  3/3        EV: 11    Int:  3    God:
Gold:   137        SH:  3    Dex: 10    Spells: 3/3 levels left

rFire   . . .        q - +2 dagger (venom)
rCold   + . .        o - +0 buckler
rNeg    + + +        b - +0 leather armour
rPois   ∞            c - +0 helmet
rElec   .            (no cloak)
rCorr   .            (no gloves)
SInv    .            (no boots)
Will    .....        (no amulet)
Stlth   +            (no ring)
HPRegen 0.00/turn    (no ring)
MPRegen 0.08/turn

%: no passive effects
@: corroded, inhibited regen
A: claws 1, cold resistance 1, negative energy resistance 3, inhibited
regeneration, torment resistance 2, devour on kill
a: no special abilities


You were on level 5 of the Dungeon.
You visited 1 branch of the dungeon, and saw 4 of its levels.

You collected 137 gold pieces.

Inventory:

Hand Weapons
 a - a +0 flail
 q - a +2 dagger of venom (weapon)
Missiles
 d - 3 throwing nets
 e - a javelin
 f - 16 stones (quivered)
Armour
 b - a +0 leather armour (worn)
 c - a +0 helmet (worn)
 o - a +0 buckler (worn)
Jewellery
 l - a ring of wizardry
Scrolls
 g - a scroll of immolation {unknown}
 h - 2 scrolls of identify {unknown}
 k - 4 scrolls of teleportation {unknown}
 m - a scroll of fear {unknown}
 n - a scroll of poison {unknown}
Potions
 i - 2 potions of flight {unknown}
 j - a potion of ambrosia {unknown}
 p - a potion of curing {unknown}
 r - a potion of attraction {unknown}


   Skills:
 + Level 3.2 Fighting
 + Level 0.4 Short Blades
 - Level 3.3 Maces & Flails
 + Level 2.6 Throwing
 - Level 0.2 Armour
 + Level 3.3 Dodging


You had 3 spell levels left.
You didn't know any spells.
Your spell library contained the following spells:

 Spells                   Type           Power      Damage    Failure   Level
 Apportation              Tloc           0%         N/A       67%         1
 Poisonous Vapours        Pois/Air       0%         N/A       82%         2
 Mephitic Cloud           Conj/Pois/Air  0%         N/A       96%         3
 Alistair's Intoxication  Tmut/Pois      0%         N/A       100%        5
 Freezing Cloud           Conj/Ice/Air   0%         6-21      100%        5


Dungeon Overview and Level Annotations

Branches:
Dungeon (3/15)

Altars:

Shops:
D:2 ([*[(


Innate Abilities, Weirdness & Mutations

You are immune to poison.
You have sharp fingernails.
Your flesh is cold resistant. (rC+)
You are immune to negative energy. (rN+++)
You do not regenerate when monsters are visible.
You are immune to unholy pain and torment.
You thrive by killing the living.


Message History

The adder hisses angrily.
You hit the adder.
The adder is poisoned.
The adder is lightly wounded.
You block the adder's attack. The adder closely misses you.
You hit the adder.
The adder is almost dead.
The adder barely misses you.
You closely miss the adder.
The adder is almost dead.
The adder bites you but does no damage.
You hit the adder.
You kill the adder!
You now have 137 gold pieces (gained 10).
A sourceless malevolence fills the Dungeon...
You fall into a shaft and drop 2 floors!
The shaft crumbles and collapses.
You open the door.
A quokka comes into view.
There is an open door here.
You hit the quokka.
The quokka is poisoned.
The quokka is almost dead.
You kill the quokka!
A jelly comes into view.
The jelly quivers.
Found two stone staircases leading up.
The jelly hits you. The acid corrodes you!
You are splashed with acid!
You hit the jelly but do no damage.
The jelly is poisoned.
Your claws burn!
The jelly closely misses you.
You hit the jelly.
Your claws burn!
The jelly is moderately wounded.
The jelly hits you.
You are splashed with acid!
You are too injured to fight recklessly!
You are too injured to fight recklessly!
You hit the jelly.
The jelly looks even sicker.
Your claws burn!
* * * LOW HITPOINT WARNING * * *
The jelly is severely wounded.
The jelly hits you.
* * * LOW HITPOINT WARNING * * *
You are splashed with acid!
You die...

####### #.....#
####...## #.....#
#........ #.....#
#........
#######.....####........
#...........#...........
#...........#........<..
#...........#....J......
#...........#...@....#
#...........#........#
............'†.......+
#####.......#........#
#.......#........#
#.......#...#####<#
#########...# .# #...# #
#...#


You could see a jelly (very poisoned).

Vanquished Creatures
  An orc wizard (D:3)
  4 adders
  A white imp (D:3)
  A worm (D:2)
  A dart slug (D:1)
  3 orcs (D:3)
  3 ball pythons
  3 bats
  5 endoplasms (D:1)
  4 giant cockroaches
  5 goblins
  2 quokkas
  5 frilled lizards
  3 rats
41 creatures vanquished.

Notes
Turn   | Place    | Note
-------+----------+-------------------------------------------
     0 | D:1      | Akanak the Ghoul Gladiator began the quest for the Orb.
     0 | D:1      | Reached XP level 1. HP: 17/17 MP: 0/0
   311 | D:1      | Reached XP level 2. HP: 24/24 MP: 1/1
   318 | D:2      | Found Cynil's Antique Weapon Shoppe.
   610 | D:1      | Reached XP level 3. HP: 25/30 MP: 2/2
   989 | D:1      | Found a faded altar of an unknown god.
  1083 | D:2      | Found Qahiw's General Store.
  1229 | D:2      | Found Oplok's Armour Boutique.
  1393 | D:2      | Found Kemyr's Armour Shop.
  1502 | D:2      | Found Cupifaoc's Antique Weapon Shop.
  1708 | D:3      | Reached XP level 4. HP: 26/38 MP: 3/3
  1946 | D:3      | You fall into a shaft and drop 2 floors!
  1946 | D:5      | Entered Level 5 of the Dungeon
  1962 | D:5      | Splashed by a jelly's acid

Illustrated notes

Levels and vault maps discovered:
D:1:      nzn_arrival_crosshair, layout_basic,
          shapermc_ecumenical_altar_mp_urbaneastern
D:2:      layout_basic, serial_shops, shop, shop, nicolae_shop_tiny_waterfront,
          shop, shop, grunt_decor_clamped
D:3:      layout_basic
D:5:      layout_basic, kennysheep_mini, uniq_crazy_yiuf_cottage

Skill      XL: |  1  2  3 |
---------------+----------+-----
Maces & Flails | 3 |  3.3
Throwing       | 2 |  2.6
Dodging        | 3 |  3.3
Fighting       | 3 |  3.2
Short Blades   | |  0.4
Armour         | |  0.2

Action                     |  1- 3 |  4- 6 || total
---------------------------+-------+-------++-------
  Melee: Flail             |   107 |     5 ||   112
         Punch             |     1 |       ||     1
         Dagger            |       |    24 ||    24
  Throw: Throwing net      |     1 |       ||     1
 Armour: Leather armour    |    38 |     6 ||    44
  Dodge: Dodged            |    61 |    11 ||    72
  Block: Buckler           |       |     3 ||     3
